[ AOE2 MATCH · #513815196 ]
UnrankedBerbers vs Persians
Player's team · WIN
Rival team · LOSS
[ REPLAY ANALYSIS · EXTRACTED FROM THE RECORDED GAME ]
Feudal
13:10
Castle
22:05
Imperial
36:13
| APM avg | 58.5 |
| APM peak | 102 |
| eAPM avg | 35.3 |
| Villagers / military | 182 / 85 |
Focus
⚔️ 33.1% · 🌾 66.9%
Camel Archer ×53 · Skirmisher ×9 · Archer ×7 · Monk ×5 · Trebuchet (Packed) ×4 · Militia ×3
Feudal
10:24
Castle
19:49
Imperial
35:31
| APM avg | 68.8 |
| APM peak | 98 |
| eAPM avg | 41.8 |
| Villagers / military | 205 / 193 |
Focus
⚔️ 45.8% · 🌾 54.2%
Spearman ×73 · Scout Cavalry ×59 · Archer ×20 · Battering Ram ×12 · Knight ×9 · Militia ×7
Match map
Initial resources + every placement click. Lines = walls · curves = elevation contours. ◆ gold · ⬟ stone · ● berries · ✦ relic · ◌ wall gap
Your base· Open — opponent sealed themselves in
已严肃退出多人局's base· ✓ Closed at 19:49 · 33t walls · no gate
Smoothed initial terrain · ◌ = detected wall gap · hover for details
Inputs per minute
— Valle - - 已严肃退出多人局
Build order — Valle
First 150 of 496 actions detected
| 0:00 | queue | Villager (Male) |
| 0:01 | queue | Villager (Male) |
| 0:02 | Build | House |
| 0:02 | queue | Villager (Male) |
| 0:03 | Build | House |
| 0:03 | queue | Villager (Male) |
| 1:24 | queue | Villager (Male) |
| 1:25 | queue | Villager (Male) |
| 2:01 | queue | Villager (Male) |
| 2:01 | queue | Villager (Male) |
| 2:18 | queue | Villager (Male) |
| 2:19 | queue | Villager (Male) |
| 2:22 | Build | Lumber Camp |
| 2:41 | queue | Villager (Male) |
| 3:12 | queue | Villager (Male) |
| 3:12 | queue | Villager (Male) |
| 3:30 | queue | Villager (Male) |
| 3:41 | Build | House |
| 3:49 | queue | Villager (Male) |
| 3:49 | queue | Villager (Male) |
| 3:56 | Build | House |
| 4:23 | queue | Villager (Male) |
| 4:40 | queue | Villager (Male) |
| 5:16 | Build | Barracks |
| 5:20 | queue | Villager (Male) |
| 5:34 | Build | House |
| 5:37 | queue | Villager (Male) |
| 5:58 | queue | Villager (Male) |
| 6:00 | queue | Militia |
| 6:15 | queue | Militia |
| 6:28 | queue | Militia |
| 6:32 | Build | Mill |
| 6:39 | queue | Villager (Male) |
| 6:55 | queue | Villager (Male) |
| 7:04 | Research | Loom |
| 7:15 | Build | Palisade Wall |
| 7:17 | Build | Palisade Wall |
| 7:19 | queue | Villager (Male) |
| 7:22 | Build | House |
| 7:23 | Build | Palisade Wall |
| 7:41 | queue | Villager (Male) |
| 7:44 | Build | Farm |
| 7:48 | Build | Palisade Wall |
| 8:00 | queue | Villager (Male) |
| 8:02 | Build | Farm |
| 8:20 | Build | House |
| 8:21 | Build | Palisade Wall |
| 8:27 | queue | Villager (Male) |
| 8:42 | queue | Villager (Male) |
| 9:15 | Build | House |
| 9:19 | queue | Villager (Male) |
| 9:21 | Build | Farm |
| 9:35 | Build | Palisade Wall |
| 9:49 | Build | Mill |
| 10:10 | queue | Villager (Male) |
| 10:14 | Build | Palisade Wall |
| 10:20 | queue | Villager (Male) |
| 10:23 | Build | Farm |
| 10:33 | Build | Palisade Wall |
| 10:42 | Build | House |
| 10:45 | Build | House |
| 10:46 | Build | Palisade Wall |
| 10:59 | Build | Mining Camp |
| 11:00 | Research | Feudal Age |
| 11:11 | Build | House |
| 11:50 | Build | Farm |
| 12:00 | Build | House |
| 12:02 | Build | Palisade Wall |
| 12:06 | queue | Villager (Male) |
| 12:13 | Build | Palisade Wall |
| 12:21 | Build | Palisade Wall |
| 12:29 | Build | House |
| 12:52 | Build | Palisade Wall |
| 12:53 | Build | Palisade Wall |
| 12:54 | Build | Palisade Wall |
| 13:10 | Age | Feudal Age |
| 13:12 | Build | Archery Range |
| 13:24 | queue | Villager (Male) |
| 13:25 | Build | House |
| 13:31 | Build | House |
| 13:42 | queue | Villager (Male) |
| 13:52 | Build | Blacksmith |
| 13:53 | queue | Archer |
| 14:00 | Build | House |
| 14:06 | queue | Villager (Male) |
| 14:13 | Build | Blacksmith |
| 14:15 | Build | House |
| 14:22 | queue | Archer |
| 14:25 | queue | Villager (Male) |
| 14:38 | queue | Villager (Male) |
| 14:47 | Build | Watch Tower |
| 14:52 | queue | Villager (Male) |
| 14:56 | queue | Archer |
| 15:00 | Build | Farm |
| 15:04 | Research | Fletching |
| 15:08 | Build | House |
| 15:16 | queue | Archer |
| 15:28 | Build | Farm |
| 15:36 | queue | Villager (Male) |
| 15:45 | Build | Farm |
| 15:57 | queue | Archer |
| 16:02 | queue | Skirmisher |
| 16:12 | Research | Double-Bit Axe |
| 16:19 | queue | Villager (Male) |
| 16:29 | Build | Farm |
| 16:42 | queue | Skirmisher |
| 16:46 | Research | Padded Archer Armor |
| 16:46 | queue | Villager (Male) |
| 16:59 | queue | Skirmisher |
| 17:00 | queue | Villager (Male) |
| 17:07 | Build | Farm |
| 17:08 | queue | Villager (Male) |
| 17:18 | queue | Archer |
| 17:43 | Build | Lumber Camp |
| 17:58 | queue | Villager (Male) |
| 18:23 | queue | Villager (Male) |
| 18:32 | Build | Market |
| 18:41 | queue | Archer |
| 18:57 | queue | Villager (Male) |
| 19:02 | Build | Farm |
| 19:03 | Build | Farm |
| 19:07 | Build | House |
| 19:19 | Research | Castle Age |
| 19:19 | Research | Castle Age |
| 19:24 | queue | Skirmisher |
| 19:33 | Build | Farm |
| 19:52 | queue | Skirmisher |
| 20:03 | Build | Watch Tower |
| 20:13 | queue | Skirmisher |
| 20:17 | Build | House |
| 20:20 | queue | Villager (Male) |
| 20:22 | Build | House |
| 20:22 | Build | Farm |
| 20:37 | Research | Horse Collar |
| 20:40 | queue | Skirmisher |
| 20:43 | Build | House |
| 20:48 | Build | House |
| 21:07 | Build | House |
| 21:09 | queue | Skirmisher |
| 21:16 | Build | House |
| 21:18 | Build | House |
| 21:49 | queue | Skirmisher |
| 22:05 | Age | Castle Age |
| 22:08 | Build | Siege Workshop |
| 22:11 | Research | Bodkin Arrow |
| 22:11 | Research | Bodkin Arrow |
| 22:20 | queue | Villager (Male) |
| 22:29 | Build | Town Center |
| 22:37 | queue | Mangonel |
| 22:38 | queue | Villager (Male) |
Build order — 已严肃退出多人局
First 150 of 565 actions detected
| 0:00 | queue | Villager (Male) ×5 |
| 0:00 | queue | Villager (Male) ×5 |
| 0:02 | Build | House |
| 0:02 | Build | House |
| 1:22 | queue | Villager (Male) |
| 1:22 | queue | Villager (Male) |
| 1:48 | Build | Lumber Camp |
| 1:54 | queue | Villager (Male) |
| 1:55 | queue | Villager (Male) |
| 2:10 | queue | Villager (Male) |
| 2:45 | queue | Villager (Male) |
| 2:46 | queue | Villager (Male) |
| 3:03 | queue | Villager (Male) |
| 3:03 | queue | Villager (Male) |
| 3:20 | queue | Villager (Male) |
| 3:20 | queue | Villager (Male) |
| 3:40 | Build | House |
| 3:48 | queue | Villager (Male) |
| 3:48 | queue | Villager (Male) |
| 4:07 | Build | Barracks |
| 4:18 | queue | Villager (Male) |
| 4:18 | queue | Villager (Male) |
| 4:25 | queue | Villager (Male) |
| 4:25 | queue | Villager (Male) |
| 4:37 | Research | Loom |
| 4:38 | queue | Villager (Male) ×2 |
| 4:43 | queue | Villager (Male) |
| 4:44 | queue | Villager (Male) |
| 5:12 | queue | Villager (Male) |
| 5:29 | Build | House |
| 5:33 | Build | House |
| 5:50 | queue | Militia |
| 5:50 | queue | Militia |
| 6:10 | Build | Mill |
| 6:16 | Build | House |
| 6:17 | Build | Palisade Wall |
| 6:18 | queue | Villager (Male) |
| 6:27 | queue | Villager (Male) |
| 7:14 | Build | Mill |
| 7:26 | queue | Villager (Male) |
| 7:34 | queue | Villager (Male) |
| 8:20 | Research | Feudal Age |
| 8:21 | Research | Feudal Age |
| 8:49 | queue | Villager (Male) |
| 8:58 | Build | Mining Camp |
| 9:05 | queue | Militia |
| 9:06 | queue | Militia |
| 9:28 | queue | Villager (Male) |
| 9:31 | Build | Farm |
| 9:42 | queue | Militia |
| 9:43 | queue | Militia |
| 10:15 | queue | Militia |
| 10:19 | queue | Villager (Male) |
| 10:24 | Age | Feudal Age |
| 10:24 | Build | Palisade Wall |
| 10:33 | Build | Farm |
| 10:40 | Research | Double-Bit Axe |
| 10:40 | Research | Double-Bit Axe |
| 10:43 | Research | Man-at-Arms (upgrade) |
| 10:43 | Research | Man-at-Arms (upgrade) |
| 10:44 | queue | Villager (Male) |
| 11:07 | queue | Villager (Male) |
| 11:07 | queue | Villager (Male) |
| 11:26 | queue | Villager (Male) |
| 11:35 | queue | Villager (Male) |
| 11:37 | Build | Farm |
| 11:47 | Build | Archery Range |
| 11:52 | Build | House |
| 12:00 | Build | Farm |
| 12:01 | Build | Farm |
| 12:06 | queue | Villager (Male) |
| 12:07 | queue | Villager (Male) |
| 12:09 | Build | Farm |
| 12:21 | queue | Villager (Male) |
| 12:33 | Research | Arson |
| 12:33 | Research | Arson |
| 12:37 | Build | Farm |
| 12:39 | Build | Farm |
| 12:43 | Build | Farm |
| 12:44 | Build | House |
| 12:51 | queue | Archer |
| 12:51 | queue | Archer |
| 12:56 | queue | Villager (Male) |
| 13:19 | queue | Villager (Male) |
| 13:22 | Build | Farm |
| 13:39 | queue | Villager (Male) |
| 13:44 | queue | Archer |
| 13:44 | queue | Archer |
| 14:02 | queue | Villager (Male) |
| 14:05 | Build | Farm |
| 14:06 | Build | Farm |
| 14:10 | queue | Archer |
| 14:11 | queue | Archer |
| 14:16 | queue | Villager (Male) |
| 14:36 | Build | Blacksmith |
| 14:39 | queue | Archer |
| 14:43 | queue | Villager (Male) |
| 14:58 | queue | Archer |
| 15:10 | Build | Farm |
| 15:25 | queue | Villager (Male) |
| 15:25 | Research | Fletching |
| 15:26 | Research | Fletching |
| 15:28 | queue | Villager (Male) |
| 15:32 | Build | House |
| 15:33 | Build | House |
| 15:41 | Build | Farm |
| 15:42 | queue | Villager (Male) |
| 15:44 | Build | House |
| 15:45 | Build | House |
| 15:46 | Build | House |
| 15:49 | Build | House |
| 16:00 | queue | Skirmisher |
| 16:02 | queue | Skirmisher |
| 16:08 | Build | Palisade Wall |
| 16:15 | queue | Villager (Male) |
| 16:19 | queue | Skirmisher |
| 16:40 | Build | Palisade Wall |
| 17:14 | Build | Stable |
| 17:24 | Research | Castle Age |
| 17:30 | Build | House |
| 17:31 | Build | Palisade Wall |
| 17:36 | Build | Farm |
| 17:42 | queue | Archer |
| 17:43 | queue | Archer |
| 17:56 | Research | Gold Mining |
| 17:56 | Research | Gold Mining |
| 18:16 | queue | Archer |
| 18:17 | Build | Farm |
| 18:39 | Research | Padded Archer Armor |
| 18:51 | Build | Farm |
| 18:52 | Build | Farm |
| 18:55 | Research | Horse Collar |
| 19:20 | queue | Archer |
| 19:49 | Age | Castle Age |
| 19:51 | Research | Bodkin Arrow |
| 19:52 | Research | Crossbowman (upgrade) |
| 19:52 | Research | Crossbowman (upgrade) |
| 20:05 | queue | Villager (Male) |
| 20:14 | queue | Villager (Male) |
| 20:17 | Build | Farm |
| 20:23 | queue | Archer |
| 20:29 | queue | Knight |
| 20:29 | queue | Knight |
| 20:36 | queue | Villager (Male) |
| 20:37 | Build | House |
| 20:50 | Build | Farm |
| 20:50 | queue | Villager (Male) |
| 21:01 | queue | Villager (Male) |
| 21:05 | Build | Town Center |
| 21:10 | queue | Knight |
Match timeline
| 4:07 | 已严肃退出多人局 · first_building Barracks |
| 5:16 | Valle · first_building Barracks |
| 6:17 | 已严肃退出多人局 · wall_segment Palisade Wall x1 |
| 7:15 | Valle · wall_segment Palisade Wall x1 |
| 7:17 | Valle · wall_segment Palisade Wall x4 |
| 7:23 | Valle · wall_segment Palisade Wall x2 |
| 7:48 | Valle · wall_segment Palisade Wall x1 |
| 8:21 | Valle · wall_segment Palisade Wall x6 |
| 9:35 | Valle · wall_segment Palisade Wall x3 |
| 10:14 | Valle · wall_segment Palisade Wall x6 |
| 10:24 | 已严肃退出多人局 · age_up feudal |
| 10:24 | 已严肃退出多人局 · wall_segment Palisade Wall x8 |
| 10:33 | Valle · wall_segment Palisade Wall x9 |
| 10:46 | Valle · wall_segment Palisade Wall x1 |
| 11:47 | 已严肃退出多人局 · first_building Archery Range |
| 12:02 | Valle · wall_segment Palisade Wall x1 |
| 12:13 | Valle · wall_segment Palisade Wall x4 |
| 12:21 | Valle · wall_segment Palisade Wall x1 |
| 12:52 | Valle · wall_segment Palisade Wall x1 |
| 12:53 | Valle · wall_segment Palisade Wall x1 |
| 12:54 | Valle · wall_segment Palisade Wall x1 |
| 13:10 | Valle · age_up feudal |
| 13:12 | Valle · first_building Archery Range |
| 16:08 | 已严肃退出多人局 · wall_segment Palisade Wall x19 |
| 16:40 | 已严肃退出多人局 · wall_segment Palisade Wall x14 |
| 17:14 | 已严肃退出多人局 · first_building Stable |
| 17:31 | 已严肃退出多人局 · wall_segment Palisade Wall x1 |
| 19:17 | Valle · first_market_buy 100 food |
| 19:49 | 已严肃退出多人局 · age_up castle |
| 22:05 | Valle · age_up castle |
| 22:08 | Valle · first_building Siege Workshop |
| 23:10 | Valle · wall_segment Palisade Wall x1 |
| 23:24 | Valle · wall_segment Palisade Wall x1 |
| 23:49 | Valle · first_building Monastery |
| 26:59 | 已严肃退出多人局 · first_building Monastery |
| 28:57 | 已严肃退出多人局 · first_market_buy 100 food |
| 30:52 | Valle · first_building Castle |
| 31:30 | Valle · wall_segment Palisade Wall x1 |
| 32:08 | 已严肃退出多人局 · first_building Castle |
| 33:06 | 已严肃退出多人局 · first_building Siege Workshop |
| 34:17 | Valle · first_market_sell 100 food |
| 35:31 | 已严肃退出多人局 · age_up imperial |
| 36:04 | 已严肃退出多人局 · first_market_sell 100 wood |
| 36:13 | Valle · age_up imperial |
| 42:37 | Valle · first_building Stable |
| 43:42 | 已严肃退出多人局 · resign |
[ AI ANALYSIS · 1 CREDIT ]
What really happened in this match?
Wolo.gg analyzes every decision: build order, eco, micro, common mistakes by bracket. Personalized analysis on WhatsApp or Discord in 30 seconds.
Civ guide
Berbers
Perfil
Jugador #2800609